 Dungeon Crawl Stone Soup version 0.31.0-1-g2c135a0 (webtiles) character file.

Game seed: 17887819547141963465

3 Sarkim the Trooper (level 1, -1/36 HPs)
             Began as an Oni Berserker on Apr 11, 2024.
             Was a Follower of Trog.
             Slain by a gnoll
             ... wielding a +0 spear
              (5 damage)
             ... on level 1 of the Dungeon.
             The game lasted 00:02:28 (282 turns).

Sarkim the Trooper (Oni Berserker)                   Turns: 282, Time: 00:02:29

Health: -1/36      AC:  3    Str: 20    XL:     1   Next: 50%
Magic:  1/1        EV: 10    Int:  8    God:    Trog [*.....]
Gold:   16         SH:  0    Dex:  8    Spells: 0/0 levels left

rFire   . . .        c - +1 short sword (vamp)
rCold   . . .        (no shield)
rNeg    . . .        b - +0 animal skin
rPois   .            (helmet restricted)
rElec   .            (no cloak)
rCorr   .            (gloves unavailable)
SInv    .            (boots unavailable)
Will    .....        (no amulet) Stlth
                     (no ring)
HPRegen 0.26/turn    (no ring)
MPRegen 0.07/turn

%: no passive effects
@: berserking, very quick
A: large, unfitting armour, horns 1, tough skin 1, double potion healing,
drunken brawling
a: Renounce Religion, Berserk


You were on level 1 of the Dungeon.
You worshipped Trog.
Trog was aware of your devotion.
You visited 1 branch of the dungeon, and saw 1 of its levels.

You collected 16 gold pieces.

Inventory:

Hand Weapons
 a - a +0 mace
 c - a +1 vampiric short sword (weapon)
Armour
 b - a +0 animal skin (worn)
Scrolls
 d - a scroll of vulnerability {unknown}
Potions
 e - 2 potions of haste {unknown}


   Skills:
 * Level 4.1 Fighting
 + Level 0.1 Short Blades
 - Level 3.0 Maces & Flails
 + Level 0.1 Armour
 * Level 2.7 Dodging
 + Level 0.1 Stealth


You couldn't memorise any spells.
You didn't know any spells.
Your spell library was empty.

Dungeon Overview and Level Annotations

Branches:
Dungeon (1/15)

Altars:


Innate Abilities, Weirdness & Mutations

You are too large for most types of armour.
You have a pair of small horns on your head.
You have tough skin. (AC +1)
You gain doubled healing and magic from potions.
Whenever you drink a healing potion, you attack all around you.


Message History

The gnoll barely misses you.
You barely miss the endoplasm. Your headbutt misses the endoplasm.
The gnoll hits you from afar with a +0 spear!
The endoplasm freezes you.
You are frozen.
Activating: Berserk (9% risk of failure)
Press: ? - help, Q - select action, (/) - cycle Dir - look around, f - activate A red film seems to cover your vision as you go berserk!
You feel yourself moving faster!
You feel mighty! The endoplasm freezes you.
You are frozen.
You barely miss the endoplasm. The endoplasm hits you.
The gnoll barely misses you.
You barely miss the endoplasm. You puncture the endoplasm!
You feel better.
You kill the endoplasm!
Trog accepts your kill. The gnoll barely misses you.
You closely miss the frilled lizard.
The frilled lizard bites you but does no damage.
The gnoll hits you from afar with a +0 spear.
You barely miss the frilled lizard.
Your headbutt misses the frilled lizard.
You miss the frilled lizard.
Your headbutt misses the frilled lizard.
The frilled lizard bites you but does no damage.
The gnoll hits you from afar with a +0 spear.
* * * LOW HITPOINT WARNING * * *
You completely miss the frilled lizard.
The frilled lizard unfolds its giant frill.
The frilled lizard bites you but does no damage.
The gnoll hits you from afar with a +0 spear.
* * * LOW HITPOINT WARNING * * *
You closely miss the frilled lizard. You hit the frilled lizard.
You feel better.
You kill the frilled lizard!
Trog accepts your kill.
The gnoll hits you from afar with a +0 spear.
You die...

#######
.......#####
#.†@..######
#.g###.##...##
..... #.#.....#
.......###.......#
.###.#.....#..)..#
#.##.#####...## #
# ##.## #.#
#.#####


You could see a gnoll.

Vanquished Creatures
  An endoplasm (D:1)
  A goblin (D:1)
  A frilled lizard (D:1)
  A rat (D:1)
4 creatures vanquished.

Notes
Turn   | Place    | Note
-------+----------+-------------------------------------------
     0 | D:1      | Sarkim the Oni Berserker began the quest for the Orb.
     0 | D:1      | Reached XP level 1. HP: 24/24 MP: 1/1
   282 | D:1      | Slain by a gnoll

Illustrated notes

Levels and vault maps discovered:
D:1:      dpeg_arrival_water_fire, layout_loops_ring, minmay_misc_feat_pillars

Action                     || total
---------------------------++-------
  Melee: Short sword       ||    22
         Headbutt          ||     1
 Invoke: Berserk           ||     1
 Armour: Animal skin       ||    16
  Dodge: Dodged            ||     7
